 Dungeon Crawl Stone Soup version 0.29.1-1-gd02db6906a (webtiles) character file.

Game seed: 2321556509795203674

787 hikkokomori the Digger (level 7, 0/44 HPs)
             Began as a Gargoyle Earth Elementalist on Oct 6, 2022.
             Slain by a wight
             ... wielding a +4 trident
              (12 damage)
             ... on level 4 of the Dungeon.
             The game lasted 00:06:57 (5420 turns).

hikkokomori the Digger (GrEE)                       Turns: 5420, Time: 00:06:58

Health: 0/44       AC: 12    Str: 14    XL:     7   Next: 87%
Magic:  8/10       EV: 10    Int: 21    God:
Gold:   167        SH:  0    Dex: 10    Spells: 6/10 levels left

rFire   . . .      SeeInvis .   o - +0 short sword (flame)
rCold   . . .      Faith    .   (no shield)
rNeg    + . .      Spirit   .   d - +0 ring mail
rPois   ∞          Reflect  .   p - +0 helmet
rElec   +          Harm     .   (no cloak)
rCorr   .          Rampage  .   (no gloves)
Will    +....                   (no boots)
Stlth   +.........              (no amulet)
HPRegen 0.14/turn               v - ring of willpower
MPRegen 0.12/turn               x - +6 ring of intelligence

@: no status effects
A: sickness immunity, AC +4, negative energy resistance 1, electricity
resistance, torment resistance 1, petrification resistance
a: no special abilities


You were on level 4 of the Dungeon.
You visited 1 branch of the dungeon, and saw 4 of its levels.

You collected 167 gold pieces.

Inventory:

Hand Weapons
 f - a +0 short sword
 o - a +0 short sword of flaming (weapon)
Armour
 a - a +0 robe
 d - a +0 ring mail (worn)
 p - a +0 helmet (worn)
Jewellery
 t - a ring of flight
 v - a ring of willpower (left hand)
 x - a +6 ring of intelligence (right hand)
Wands
 q - a wand of flame (9)
 w - a wand of charming (14)
Scrolls
 j - a scroll of fear {unknown}
 k - a scroll of identify {unknown}
 m - a scroll of magic mapping {unknown}
 u - a scroll of enchant weapon {unknown}
 y - a scroll of vulnerability {unknown}
Potions
 b - a potion of magic
 c - 2 potions of curing {unknown}
 e - a potion of attraction {unknown}
 g - a potion of resistance {unknown}
 h - 3 potions of mutation {unknown}
 i - a potion of haste {unknown}
 l - a potion of invisibility {unknown}
 n - a potion of heal wounds {unknown}
 r - 3 potions of lignification {unknown}
 s - a potion of ambrosia {unknown}


   Skills:
 + Level 5.3 Fighting
 + Level 4.8 Armour
 - Level 1.5 Dodging
 - Level 2.1 Stealth
 - Level 2.0 Spellcasting
 - Level 0.7 Transmutations
 + Level 7.0 Earth Magic


You had 6 spell levels left.
You knew the following spells:

 Your Spells              Type           Power      Damage    Failure   Level
a - Sandblast             Erth           62%        2d14      1%          1
b - Stone Arrow           Conj/Erth      32%        3d9       21%         3

Your spell library contained the following spells:

 Spells                   Type           Power      Damage    Failure   Level
 Passwall                 Tmut/Erth      15%        N/A       9%          2
 Wereblood                Tmut           5%         N/A       32%         2
 Petrify                  Tmut/Erth      18%        N/A       50%         4
 Corpse Rot               Necr/Pois/Air  2%         N/A       95%         4
 Dispel Undead            Necr           2%         3d7       95%         4
 Death Channel            Necr           1%         N/A       100%        6
 Summon Hydra             Summ           1%         N/A       100%        7
 Sublimation of Blood     Necr           Unusable   N/A       N/A         2

Dungeon Overview and Level Annotations

Branches:
Dungeon (4/15)
 Temple: D:4-7

Altars:
Cheibriados
Fedhas
Sif Muna

Shops:
D:3 (


Innate Abilities, Weirdness & Mutations

You are immune to sickness and miasma.
Your stone body is resilient. (AC +4)
You are immune to poison.
You resist negative energy. (rN+)
You are resistant to electric shocks. (rElec)
You are resistant to unholy torment.
You are immune to petrification.


Message History

Casting: Sandblast (safe; 1% risk of failure)
Confirm with . or Enter, or press ? or * to list all spells.
Aiming: Sandblast (safe; 1% risk of failure)
Press: ? - help, Shift-Dir - straight line, f/p - necrophage
Aim: a necrophage (almost destroyed, 84% to hit)
The blast of sand hits the necrophage!
You destroy the necrophage!
Your Earth Magic skill increases to level 7!
You open the door.
An adder zombie comes into view.
You barely miss the adder zombie. The adder zombie closely misses you.
You hit the adder zombie. You burn the adder zombie.
The adder zombie is moderately damaged.
The adder zombie bites you but does no damage. x2
You hit the adder zombie. You burn the adder zombie.
The adder zombie is almost destroyed.
The adder zombie bites you but does no damage.
You hit the adder zombie. You burn the adder zombie.
You destroy the adder zombie!
You open the door.
A wight comes into view. It is wielding a +4 trident.
The wight barely misses you. The wight barely misses you.
There is an open door here.
You closely miss the wight. The wight hits you with a +4 trident!
The wight hits you with a +4 trident.
You hit the wight but do no damage. The wight hits you with a +4 trident.
* * * LOW HITPOINT WARNING * * *
You barely miss the wight. Your punch misses the wight.
The wight hits you with a +4 trident.
* * * LOW HITPOINT WARNING * * *
Casting: Sandblast (safe; 1% risk of failure)
Confirm with . or Enter, or press ? or * to list all spells.
Aiming: Sandblast (safe; 1% risk of failure)
Press: ? - help, Shift-Dir - straight line, f - wight
Aim: a wight, wielding a +4 trident and wearing a +0 robe (84% to hit)
The blast of sand hits the wight!
The wight is severely damaged.
The wight hits you with a +4 trident!
You die...

#.##.............
#.#8#............
#'############...
###.### #...
#.'.'.# #...
###.### ####
#.'.'.# ###.###
#z@.+ ###.#
############# +.+
#............ #.#
############# +.+
#.# +.+ ###


You could see a wight.

Vanquished Creatures
  Sigmund (D:2)
  Menkaure (D:4)
  3 necrophages (D:4)
  2 scorpions (D:4)
  An iguana (D:4)
  A hound zombie (D:4)
  Robin (D:2)
  6 adders
  An adder zombie (D:4)
  A worm (D:4)
  A dart slug (D:4)
  6 bats
  4 endoplasms
  6 giant cockroaches
  15 goblins
  9 hobgoblins
  2 jackals (D:1)
  3 quokkas
  5 ball pythons
  3 frilled lizards (D:1)
  9 kobolds
  8 rats
89 creatures vanquished.

Notes
Turn   | Place    | Note
-------+----------+-------------------------------------------
     0 | D:1      | hikkokomori the Gargoyle Earth Elementalist began the quest
                  | for the Orb.
     0 | D:1      | Reached XP level 1. HP: 10/10 MP: 3/3
   511 | D:1      | Reached skill level 1 in Fighting
   511 | D:1      | Reached XP level 2. HP: 9/16 MP: 5/5
   675 | D:1      | Reached skill level 4 in Earth Magic
  1427 | D:1      | Reached XP level 3. HP: 15/21 MP: 6/6
  1785 | D:2      | Noticed Robin
  1969 | D:2      | Killed Robin
  2087 | D:2      | Found a shimmering blue altar of Sif Muna.
  2122 | D:2      | Noticed Sigmund
  2127 | D:2      | Killed Sigmund
  2128 | D:2      | Reached skill level 5 in Earth Magic
  2128 | D:2      | Reached XP level 4. HP: 4/28 MP: 2/7
  2128 | D:2      | Reached XP level 5. HP: 4/32 MP: 2/8
  2716 | D:2      | Reached XP level 6. HP: 36/37 MP: 9/9
  3208 | D:3      | Found a blossoming altar of Fedhas.
  3457 | D:3      | Learned a level 3 spell: Stone Arrow
  3567 | D:3      | Found a faded altar of an unknown god.
  3590 | D:3      | Found Aseoz's Antique Weapon Emporium.
  4580 | D:4      | Reached skill level 6 in Earth Magic
  4599 | D:4      | Reached XP level 7. HP: 18/44 MP: 0/10
  5052 | D:4      | Noticed Menkaure
  5055 | D:4      | Killed Menkaure
  5213 | D:4      | Found a snail-covered altar of Cheibriados.
  5368 | D:4      | Reached skill level 5 in Fighting
  5408 | D:4      | Reached skill level 7 in Earth Magic
  5420 | D:4      | Slain by a wight

Illustrated notes

Levels and vault maps discovered:
D:1:      lemuel_arrival_room, layout_loops_cross, st_stairs_8,
          minmay_box_of_dots
D:2:      layout_basic, basic_altar, st_stairs_3, eino_tiny_chamber,
          uniq_sigmund, uniq_robin
D:3:      layout_basic, mainiacjoe_overflow_alcove_1,
          hellmonk_ecumenical_altar_run_dry, serial_shops, nicolae_shop_stone
D:4:      layout_basic, cheibriados_altar_1, lemuel_mausoleum_altar_yredelemnul,
          hangedman_decor_opposing, kennysheep_generic_room_6, uniq_menkaure

Skill      XL: |  1  2  3  4  5  6  7 |
---------------+----------------------+-----
Fighting       | 1 3 4 5 |  5.3
Earth Magic    | 4 5 6 7 |  7.0
Armour         | 2 3 4 |  4.8
Dodging        | |  1.5
Stealth        | |  2.1
Spellcasting   | |  2.0
Transmutations | |  0.7

Action                   |  1- 3 |  4- 6 |  7- 9 || total
-------------------------+-------+-------+-------++-------
Melee: Short sword       |    99 |   164 |    81 ||   344
       Unarmed           |    11 |       |       ||    11
       Punch             |     2 |       |     1 ||     3
 Cast: Sandblast         |    31 |    20 |    11 ||    62
Evoke: Wand              |       |       |     3 ||     3
 Stab: Sleeping          |       |     1 |       ||     1
Armor: Robe              |    46 |       |       ||    46
       Ring mail         |    20 |    97 |    48 ||   165
Dodge: Dodged            |    91 |   113 |    33 ||   237
